 Dungeon Crawl Stone Soup version 0.26.1-11-gd32895ea62 (webtiles) character file.

Game seed: 11742484321522791363

7234 MisterFreud the Severer (level 10, -12/88 HPs)
             Began as a Minotaur Abyssal Knight on May 15, 2021.
             Was a High Priest of Lugonu.
             Mangled by a large slime creature (17 damage)
             ... on level 13 of the Dungeon.
             The game lasted 00:10:53 (11436 turns).

MisterFreud the Severer (Minotaur Abyssal Knight)  Turns: 11436, Time: 00:10:54

Health: -12/88     AC: 16    Str: 16 (19) XL:     10   Next: 88%
Magic:  0/10       EV:  5    Int:  7 (9)  God:    Lugonu [*****.]
Gold:   512        SH:  4    Dex: 10 (11) Spells: 9/9 levels left

rFire    + . .     SeeInvis .   S - +2 war axe (venom)
rCold    . . .     Faith    .   R - +0 buckler
rNeg     . . .     Spirit   +   T - +0 plate armour
rPois    .         Reflect  .   (helmet restricted)
rElec    .         Harm     .   g - -1 cloak
rCorr    +         Rampage  .   y - +0 pair of gloves
Will     .....                  x - +0 pair of boots
Stlth    ..........             C - amulet of guardian spirit
HPRegen  0.24/turn              s - ring of protection from fire
MPRegen  0.12/turn              F - ring of resist corrosion

@: studying Unarmed Combat
A: retaliatory headbutt, horns 2
a: Renounce Religion, Depart the Abyss, Bend Space, Banish, Corrupt, Enter the
Abyss


You were on level 13 of the Dungeon.
You worshipped Lugonu.
Lugonu was extremely pleased with you.
You visited 1 branch of the dungeon, and saw 12 of its levels.
You visited the Abyss 1 time.

You collected 512 gold pieces.

Inventory:

Hand Weapons
 a - a +1 falchion
 q - a +0 trident
 r - a +2 war axe of flaming
 S - a +2 war axe of venom (weapon)
Armour
 b - a +0 leather armour
 g - a -1 cloak (worn)
 x - a +0 pair of boots (worn)
 y - a +0 pair of gloves (worn)
 z - a +0 ring mail
 R - a +0 buckler (worn)
 T - a +0 plate armour (worn)
Jewellery
 s - a ring of protection from fire (left hand)
 B - a +6 ring of intelligence
 C - an amulet of guardian spirit (around neck)
 F - a ring of resist corrosion (right hand)
 H - an uncursed amulet of the acrobat {unknown}
 O - a +4 ring of evasion {unknown}
 Q - a +4 ring of evasion {unknown}
Wands
 p - a wand of iceblast (8)
 E - a wand of random effects (17)
 M - a wand of enslavement (14)
 N - a wand of digging (6)
 P - a wand of acid (13)
Scrolls
 d - 6 scrolls of teleportation
 f - 3 scrolls of random uselessness
 k - 2 scrolls of remove curse
 t - 4 scrolls of enchant weapon {unknown}
 A - a scroll of magic mapping {unknown}
 G - a scroll of enchant armour {unknown}
 I - a scroll of fear {unknown}
 J - a scroll of amnesia {unknown}
Potions
 e - 2 potions of mutation
 h - 2 potions of ambrosia
 i - 2 potions of flight
 j - 4 potions of might
 l - 4 potions of berserk rage
 m - 6 potions of curing
 n - a potion of attraction
 o - 2 potions of haste
 u - a potion of magic {unknown}
 v - a potion of heal wounds
 w - a potion of resistance {unknown}
 D - a potion of invisibility {unknown}
 K - a potion of lignification {unknown}
Books
 L - a manual of Unarmed Combat


   Skills:
 - Level 8.0 Fighting
 - Level 2.4 Long Blades
 + Level 15.8 Axes
 - Level 1.0(10.7) Polearms
 * Level 7.0 Armour
 - Level 1.1 Dodging
 - Level 4.0 Shields
 - Level 2.0 Invocations


You had 9 spell levels left.
You didn't know any spells.
Your spell library was empty.

Dungeon Overview and Level Annotations

Branches:
Dungeon (11/15)            Temple (0/1) D:6             Orc (0/2) D:9
   Lair: D:8-11

Altars:
Ashenzari
Elyvilon
Fedhas
Kikubaaqudgha
Makhleb
Ru
Trog
Uskayaw
Vehumet
Yredelemnul
Zin
The Shining One


Innate Abilities, Weirdness & Mutations

You reflexively headbutt those who attack you in melee.
You have a pair of horns on your head.


Message History

The ogre is lightly wounded.
You hit the two-headed ogre.
The two-headed ogre looks as sick as possible!
You barely miss the large slime creature.
The two-headed ogre hits you with a +0 giant spiked club.
* * * LOW HITPOINT WARNING * * *
The two-headed ogre hits you with a +0 giant club!!
* * * LOW HITPOINT WARNING * * *
The ogre hits you but does no damage.
The ogre mage points at the two-headed ogre and mumbles some strange words.
The two-headed ogre seems to speed up.
Unknown command.
Unknown command.
It was a potion of degeneration.
There was something very wrong with that liquid.
You feel weakened.
You feel dopey.
You feel clumsy.
You kill the two-headed ogre!
Lugonu accepts your kill. The large slime creature hits you!
You die...

..###########
Ol.......OJ)#
.........OO@#
.####..######
#.. #.. #..
#.. #.. #..


You could see a large slime creature, a two-headed ogre (fast), an ogre mage
(fast) and an ogre (very poisoned).

Vanquished Creatures
  A two-headed ogre (D:13)
  2 polar bears (D:10)
  A troll (D:9)
  Grinder (D:6)
  A vampire (D:10)
  Sigmund (D:3)
  Eustachio (D:4)
  7 yaks (D:10)
  A soldier ant (D:8)
  A water moccasin (D:7)
  3 orc warriors (D:9)
  8 ice beasts
  A black bear (D:6)
  A phantom (D:6)
  3 sky beasts
  2 wolves
  4 centaurs
  6 ogres
  Blork the orc (D:4)
  2 bullfrogs
  A wyvern zombie (D:9)
  4 scorpions
  A wyvern skeleton (D:10)
  5 killer bees
  2 howler monkeys
  A bullfrog zombie (D:7)
  4 orc priests
  3 jellies
  4 hounds
  6 orc wizards
  A centaur skeleton (D:5)
  A bullfrog skeleton (D:5)
  6 iguanas
  8 worker ants
  2 hound zombies
  2 hound skeletons (D:7)
  2 killer bee simulacra (D:10)
  A worker ant zombie (D:7)
  7 gnolls (D:6)
  2 howler monkey skeletons
  12 adders
  4 shadow imps
  4 white imps
  A worker ant simulacrum (D:10)
  3 ufetubi
  An ooze (D:3)
  3 adder zombies
  An adder skeleton (D:9)
  4 worms
  2 dart slugs
  7 leopard geckos
  44 orcs
  2 ball pythons
  11 bats
  5 giant cockroaches
  11 goblins
  5 hobgoblins
  6 jackals (D:1)
  10 kobolds
  7 quokkas
  4 frilled lizards
  A leopard gecko skeleton (D:5)
  8 rats
267 creatures vanquished.

Vanquished Creatures (others)
  A human (D:6)
1 creature vanquished.

Grand Total: 268 creatures vanquished

Notes
Turn   | Place    | Note
-------+----------+-------------------------------------------
     0 | Abyss:1  | MisterFreud the Minotaur Abyssal Knight began the quest for
                  | the Orb.
     0 | Abyss:1  | Reached XP level 1. HP: 19/19 MP: 1/1
    49 | Abyss:1  | Noticed a raiju
    50 | D:1      | Escaped the Abyss
   332 | D:1      | Reached XP level 2. HP: 26/28 MP: 2/2
   341 | D:1      | Reached * piety under Lugonu
   667 | D:1      | Reached skill level 5 in Fighting
   685 | D:1      | Reached XP level 3. HP: 34/36 MP: 3/3
  1445 | D:2      | Reached ** piety under Lugonu
  1446 | D:2      | Reached XP level 4. HP: 32/44 MP: 4/4
  2023 | D:3      | Noticed Sigmund
  2035 | D:3      | Killed Sigmund
  2036 | D:3      | Reached XP level 5. HP: 9/53 MP: 5/5
  2816 | D:3      | Reached XP level 6. HP: 61/61 MP: 6/6
  2825 | D:3      | Reached skill level 1 in Polearms
  3114 | D:4      | Reached skill level 1 in Axes
  3115 | D:4      | Reached skill level 2 in Axes
  3225 | D:4      | Noticed Eustachio
  3230 | D:4      | Killed Eustachio
  3231 | D:4      | Reached skill level 4 in Axes
  3421 | D:4      | Reached XP level 7. HP: 68/68 MP: 7/7
  3494 | D:4      | Reached skill level 5 in Axes
  3503 | D:4      | Noticed Blork the orc
  3511 | D:4      | Killed Blork the orc
  3512 | D:4      | Reached skill level 6 in Axes
  3942 | D:4      | Reached skill level 7 in Axes
  4286 | D:5      | Entered Level 5 of the Dungeon
  4371 | D:5      | Reached skill level 8 in Axes
  4376 | D:5      | Reached XP level 8. HP: 56/74 MP: 8/8
  4675 | D:5      | Reached skill level 9 in Axes
  5519 | D:6      | Reached skill level 10 in Axes
  5570 | D:6      | Reached *** piety under Lugonu
  5759 | D:6      | Found a blossoming altar of Fedhas.
  6063 | D:6      | Reached skill level 11 in Axes
  6066 | D:6      | Noticed Grinder
  6078 | D:6      | Killed Grinder
  6122 | D:6      | Found a staircase to the Ecumenical Temple.
  6265 | D:6      | Reached XP level 9. HP: 81/81 MP: 9/9
  6356 | D:6      | Reached skill level 12 in Axes
  6595 | D:6      | Found an ancient bone altar of Kikubaaqudgha.
  7129 | D:7      | Found a radiant altar of Vehumet.
  7597 | D:8      | Reached skill level 13 in Axes
  8238 | D:8      | Reached **** piety under Lugonu
  8295 | D:8      | Reached skill level 14 in Axes
  8460 | D:9      | Noticed a troll
  8471 | D:9      | Killed a troll
  8893 | D:9      | Reached XP level 10. HP: 86/88 MP: 10/10
  9314 | D:9      | Reached skill level 15 in Axes
  9635 | D:9      | Reached skill level 1 in Shields
  9942 | D:9      | Found a staircase to the Orcish Mines.
 10105 | D:9      | Found an ancient bone altar of Kikubaaqudgha.
 10106 | D:9      | Found a hide-covered altar of Uskayaw.
 10106 | D:9      | Found a bloodstained altar of Trog.
 10106 | D:9      | Found a burning altar of Makhleb.
 10106 | D:9      | Found a basalt altar of Yredelemnul.
 10106 | D:9      | Found a broken altar of Ashenzari.
 10107 | D:9      | Found a sacrificial altar of Ru.
 10108 | D:9      | Found a glowing golden altar of the Shining One.
 10110 | D:9      | Found a glowing silver altar of Zin.
 10112 | D:9      | Found a white marble altar of Elyvilon.
 10154 | D:10     | Entered Level 10 of the Dungeon
 10854 | D:10     | Reached ***** piety under Lugonu
 10855 | D:10     | Reached skill level 5 in Armour
 11116 | D:11     | You fall into a shaft and drop 2 floors!
 11414 | D:13     | Noticed a two-headed ogre
 11415 | D:13     | Noticed an ogre mage
 11429 | D:13     | Paralysed by an ogre mage for 4 turns
 11429 | D:13     | Noticed a two-headed ogre
 11436 | D:13     | Killed a two-headed ogre
 11436 | D:13     | Mangled by a large slime creature

Illustrated notes

Levels and vault maps discovered:
D:1:      scummos_arrival_checkerplants, layout_basic, minmay_3d_cube
D:2:      layout_basic
D:3:      layout_loops_cross, columned_hall_lemuel, uniq_sigmund
D:4:      layout_cave_pools, uniq_eustachio, uniq_blork_the_orc
D:5:      layout_cave_pools, grunt_ministairs_8, minmay_misc_feat_pillars,
          nrook_uturn
D:6:      layout_loops_ring, fedhas_bush_and_centaur_altar,
          minmay_temple_entry_grid, tgw_kikubaaqudgha, uniq_grinder
D:7:      layout_loops_ring, fiery_altar_vehumet
D:8:      layout_gridville, minmay_manual_moon
D:9:      layout_irregular_city, minitemple, hiddenorc1_lemuel
D:10:     layout_irregular_city, serial_ice, serial_ice_j, serial_ice_h,
          serial_ice_g, serial_ice_f, serial_ice_a, serial_ice_c, serial_ice_n
D:11:     layout_cross, lair_entry_dummy
D:13:     layout_small_grid, nicolae_qazlal_style_of_elements

Skill      XL: |  1  2  3  4  5  6  7  8  9 10 |
---------------+-------------------------------+-----
Fighting       | 4 5 7 8 |  8.0
Invocations    | 2 |  2.0
Polearms       | 1 |  1.0
Axes           | 4 8 11 14 15 | 15.8
Shields        | 4 |  4.0
Armour         | 7 |  7.0
Long Blades    | |  2.4
Dodging        | |  1.1

Action                   |  1- 3 |  4- 6 |  7- 9 | 10-12 || total
-------------------------+-------+-------+-------+-------++-------
Melee: Falchion          |    85 |    39 |       |       ||   124
       Headbutt          |     5 |     8 |    41 |    30 ||    84
       Trident           |       |    32 |       |       ||    32
       War axe           |       |    20 |   244 |   177 ||   441
Invok: Depart the Abyss  |     1 |       |       |       ||     1
  Use: Scroll            |       |     4 |     6 |     1 ||    11
       Potion            |       |       |       |     3 ||     3
Armor: Leather armour    |    25 |    12 |    15 |       ||    52
       Ring mail         |       |       |    41 |    24 ||    65
       Plate armour      |       |       |       |    75 ||    75
Dodge: Dodged            |    76 |    47 |   136 |    47 ||   306
Block: Buckler           |       |       |       |    22 ||    22
       Rpst.: Falchion   |    17 |     3 |       |       ||    20
